 Dungeon Sprint DCSS version 0.23.1 (webtiles) character file.

Game seed: 12864245360949978575

4296 dvd the Severer (level 10, -5/100 HPs)
             Began as a Minotaur Fighter on Mar 18, 2019.
             Was a High Priest of Okawaru.
             Slain by a phantasmal warrior (31 damage)
             ... in the Dungeon (Sprint VII: "The Pits").
             The game lasted 00:06:31 (1876 turns).

dvd the Severer (Minotaur Fighter)                  Turns: 1876, Time: 00:06:32

Health: -5/100     AC: 17    Str: 22    XL:     10   Next: 11%
Magic:  7/10       EV: 17    Int:  5    God:    Okawaru [*****.]
Gold:   0          SH: 15    Dex: 12    Spells: 9/9 levels left

rFire    . . .     SeeInvis .   A - +1 broad axe (chop)
rCold    . . .     Gourm    .   c - +0 shield
rNeg     . . .     Faith    .   y - +5 ring mail
rPois    .         Spirit   .   (helmet restricted)
rElec    .         Reflect  .   C - +0 cloak
rCorr    .         Harm     .   (no gloves)
MR       .....     NoTele   +   D - +0 pair of boots
Stlth    +++.......             (no amulet)
HPRegen  0.26/turn              (no ring)
MPRegen  0.12/turn              (no ring)

@: vulnerable, heroism
A: retaliatory headbutt, horns 2
a: Heroism, Finesse, Renounce Religion


You were in the Dungeon.
You worshipped Okawaru.
Okawaru was extremely pleased with you.
You were very hungry.

You visited 1 branch

Inventory:

Hand Weapons
 a - a +0 war axe
 q - a +2 hand axe of chopping
 r - a +1 long sword of flaming
 s - a +2 trident of piercing
 u - a +1 halberd of venom
 A - a +1 broad axe of chopping (weapon)
 B - the +2 rapier "Ikiwarell" {drain, Dex+2 SInv}
   (You found it in the Dungeon)

   A truly terrible weapon, it drains the life of those it strikes.
   It affects your dexterity (+2).
   It lets you see invisible.
Armour
 b - a +0 scale mail
 c - a +0 shield (worn)
 t - a +2 plate armour
 y - a +5 ring mail (worn)
 C - a +0 cloak (worn)
 D - a +0 pair of boots (worn)
Jewellery
 l - a +3 ring of protection
 x - a +3 ring of dexterity
Scrolls
 k - a scroll of blinking
 n - 3 scrolls of remove curse
 o - 5 scrolls of amnesia
 p - a scroll of summoning
Potions
 d - 2 potions of might
 e - 6 potions of curing
 g - 7 potions of heal wounds
 h - 3 potions of haste
 i - 4 potions of magic
 j - 2 potions of berserk rage
 m - 2 potions of invisibility
 v - a potion of brilliance
 w - a potion of agility
 z - 2 potions of mutation
Comestibles
 f - 9 rations


   Skills:
 + Level 12.6(17.6) Fighting
 + Level 16.2(21.2) Axes
 + Level 11.3(16.3) Armour
 + Level 5.8(10.8) Dodging
 + Level 1.4(6.4) Stealth
 + Level 14.2(19.2) Shields
 + Level 1.8 Invocations


You had 9 spell levels left.
You didn't know any spells.
Your spell library was empty.

Dungeon Overview and Level Annotations

Branches:
Dungeon (1/1)

Altars:
Ashenzari
Cheibriados
Dithmenos
Elyvilon
Fedhas
Gozag
Hepliaklqana
Kikubaaqudgha
Makhleb
Nemelex Xobeh
Okawaru
Qazlal
Ru
Sif Muna
Trog
Uskayaw
Vehumet
Wu Jian
Xom
Yredelemnul
Zin
The Shining One
Beogh
Jiyva
Lugonu


Innate Abilities, Weirdness & Mutations

You reflexively headbutt those who attack you in melee.
You have a pair of horns on your head.


Message History

The lindwurm completely misses you.
The lindwurm claws you but does no damage.
You slash the lindwurm!
You kill the lindwurm!
Okawaru is honoured by your kill.
Your base Axes skill increases to level 16!
Your base Shields skill increases to level 14!
You have reached level 10!
You hit the phantasmal warrior. You hit the jumping spider.
The jumping spider leaps!
You block the phantasmal warrior's attack.
You hit the phantasmal warrior but do no damage.
You headbutt the phantasmal warrior.
The phantasmal warrior is almost destroyed.
Unknown command.
You barely miss the phantasmal warrior. You headbutt the phantasmal warrior.
The phantasmal warrior is almost destroyed.
You hit the jumping spider.
You block the jumping spider's attack. x2
The phantasmal warrior hits you!!
You die...

........+ .#......#
........# #''######
#''# ######## #..##
##..'...# #...##
##††##...#
##(..##+##..###.W°+
##).........##.@.#
##..###'###...##s##
#..##.....##..#...
#.[')......+..+...+
#.÷##.....##..#...#
##..###+### ..##+##
##.... .## ..##+
.##


You could see a phantasmal warrior and a jumping spider.

Vanquished Creatures
  A shadow wraith (D)
  A lindwurm (D)
  A manticore (D)
  A polar bear (D)
  A bog body (D)
  A hippogriff (D)
  A snapping turtle (D)
  A flying skull (D)
  A wraith (D)
  A steam dragon (D)
  8 vampire mosquitoes (D)
  A water moccasin (D)
  2 floating eyes (D)
  A black bear (D)
  2 centaurs (D)
  A scorpion (D)
  A small abomination (D)
  Jessica (D)
  An iguana (D)
  2 gnolls (D)
  2 river rats (D)
  An ufetubus (D)
  2 orcs (D)
  A bat skeleton (D)
  A giant cockroach (D)
  7 jackals (D)
  A quokka (D)
  2 frilled lizards (D)
  A rat (D)
48 creatures vanquished.

Notes
Turn   | Place    | Note
-------+----------+-------------------------------------------
     0 | D        | dvd the Minotaur Fighter began the quest for the Orb.
     0 | D        | Reached XP level 1. HP: 19/19 MP: 0/0
    19 | D        | Found a bloodstained altar of Trog.
    19 | D        | Found a deep blue altar of Sif Muna.
    19 | D        | Found a viscous altar of Jiyva.
    19 | D        | Found a hazy altar of Hepliaklqana.
    19 | D        | Found an opulent altar of Gozag.
    20 | D        | Found a glowing golden altar of the Shining One.
    20 | D        | Found a glowing silver altar of Zin.
    20 | D        | Found a basalt altar of Yredelemnul.
    20 | D        | Found a shimmering altar of Xom.
    20 | D        | Found an ornate altar of the Wu Jian Council.
    20 | D        | Found a sacrificial altar of Ru.
    20 | D        | Found a stormy altar of Qazlal.
    20 | D        | Found an iron altar of Okawaru.
    20 | D        | Found a sparkling altar of Nemelex Xobeh.
    20 | D        | Found a burning altar of Makhleb.
    20 | D        | Found a blossoming altar of Fedhas.
    20 | D        | Found a white marble altar of Elyvilon.
    20 | D        | Found a shadowy altar of Dithmenos.
    20 | D        | Found a snail-covered altar of Cheibriados.
    21 | D        | Found a radiant altar of Vehumet.
    21 | D        | Found a corrupted altar of Lugonu.
    21 | D        | Found a roughly hewn altar of Beogh.
    22 | D        | Found a hide-covered altar of Uskayaw.
    22 | D        | Found an ancient bone altar of Kikubaaqudgha.
    22 | D        | Found a shattered altar of Ashenzari.
    28 | D        | Became a worshipper of Warmaster Okawaru
    86 | D        | Reached XP level 2. HP: 21/28 MP: 1/1
    89 | D        | Reached skill level 5 in Fighting
    89 | D        | Reached skill level 3 in Axes
    89 | D        | Reached skill level 5 in Armour
    89 | D        | Reached skill level 5 in Shields
   352 | D        | Noticed a floating eye
   357 | D        | Paralysed by a floating eye for 3 turns
   363 | D        | Reached XP level 3. HP: 32/36 MP: 2/2
   364 | D        | Paralysed by a floating eye for 4 turns
   374 | D        | Killed a floating eye
   374 | D        | Reached skill level 6 in Axes
   374 | D        | Reached skill level 1 in Dodging
   374 | D        | Reached XP level 4. HP: 35/45 MP: 3/3
   449 | D        | Reached XP level 5. HP: 50/51 MP: 4/4
   535 | D        | Noticed a black bear
   535 | D        | Noticed a flying skull
   537 | D        | Noticed Jessica
   554 | D        | Killed Jessica
   561 | D        | Killed a flying skull
   561 | D        | Reached * piety under Okawaru
   561 | D        | Reached skill level 9 in Axes
   561 | D        | Reached XP level 6. HP: 39/61 MP: 5/5
   570 | D        | Reached skill level 10 in Axes
   738 | D        | Noticed a vampire mosquito
   743 | D        | Killed a vampire mosquito
   743 | D        | Reached XP level 7. HP: 64/70 MP: 6/6
   752 | D        | Reached ** piety under Okawaru
   752 | D        | Reached skill level 11 in Axes
   752 | D        | Reached skill level 10 in Shields
   760 | D        | Noticed a manticore
   783 | D        | Killed a manticore
   783 | D        | Reached *** piety under Okawaru
   783 | D        | Reached skill level 10 in Fighting
   783 | D        | Reached skill level 12 in Axes
   783 | D        | Reached skill level 10 in Armour
   783 | D        | Reached XP level 8. HP: 9/79 MP: 4/7
  1100 | D        | Got the +2 rapier "Ikiwarell" {drain, Dex+2 SInv}
  1222 | D        | Noticed a polar bear
  1229 | D        | Reached skill level 13 in Axes
  1229 | D        | Noticed a hippogriff
  1230 | D        | Noticed a bog body
  1237 | D        | Killed a hippogriff
  1237 | D        | Reached skill level 1 in Stealth
  1239 | D        | Reached **** piety under Okawaru
  1239 | D        | Reached skill level 1 in Invocations
  1239 | D        | Reached XP level 9. HP: 55/89 MP: 5/8
  1243 | D        | Reached skill level 14 in Axes
  1257 | D        | Killed a polar bear
  1595 | D        | Reached skill level 15 in Axes
  1595 | D        | Reached skill level 5 in Dodging
  1596 | D        | Killed a shadow wraith
  1596 | D        | Reached ***** piety under Okawaru
  1867 | D        | Noticed a lindwurm
  1867 | D        | Noticed a phantasmal warrior
  1867 | D        | Noticed a jumping spider
  1874 | D        | Killed a lindwurm
  1874 | D        | Reached skill level 16 in Axes
  1874 | D        | Reached XP level 10. HP: 26/100 MP: 7/10
  1876 | D        | Slain by a phantasmal warrior

Skill      XL: |  1  2  3  4  5  6  7  8  9 |
---------------+----------------------------+-----
Fighting       | 4 5 6 8 9 10 11 12 | 12.6
Armour         | 4 5 7 8 9 10 11 | 11.3
Shields        | 4 5 6 7 8 9 11 12 14 | 14.2
Axes           | 3 6 9 10 12 13 16 | 16.2
Dodging        | 1 2 3 4 5 |  5.8
Stealth        | 1 |  1.4
Invocations    | 1 |  1.8

Action                   |  1- 3 |  4- 6 |  7- 9 | 10-12 || total
-------------------------+-------+-------+-------+-------++-------
Melee: War axe           |    23 |     5 |       |       ||    28
       Headbutt          |     4 |     2 |    22 |     2 ||    30
       Hand axe          |       |    31 |    30 |       ||    61
       Broad axe         |       |       |    72 |     2 ||    74
Invok: Heroism           |       |       |     5 |       ||     5
  Use: Potion            |       |     1 |     1 |       ||     2
  Eat: Chunk             |       |       |     2 |       ||     2
Armor: Scale mail        |    22 |     4 |       |       ||    26
       Plate armour      |       |    14 |    15 |       ||    29
       Ring mail         |       |       |    44 |       ||    44
Dodge: Dodged            |    11 |     6 |    59 |       ||    76
Block: Shield            |    18 |    20 |   112 |     3 ||   153
